 Dungeon Sprint DCSS version 0.30-a0-802-gb92711bcdf (webtiles) character file.

Game seed: 479050029924816839

25638 BigDaddyOpFi the End of an Era (level 13, -2/102 HPs)
             Began as an Octopode Fighter on Feb 24, 2023.
             Was the Champion of Qazlal.
             Slain by a death cob (20 damage)
             ... in the Dungeon (Sprint VII: "The Pits").
             The game lasted 00:04:58 (4088 turns).

BigDaddyOpFi the End of an Era (Octopode Fighter)   Turns: 4088, Time: 00:04:59

Health: -2/102     AC:  4    Str: 19    XL:     13   Next: 20%
Magic:  10/27      EV: 20    Int: 17    God:    Qazlal [******]
Gold:   37         SH:  8    Dex: 14    Spells: 12/12 levels left

rFire   . . .      SeeInvis +    s - +12 glaive of Prune {freeze, Prune}
rCold   . . .      Faith    .    (shield currently unavailable)
rNeg    . . .      Spirit   .    x - +3 crown of Dyrovepreva {rElec Int+2 SInv}
rPois   .          Reflect  .    (no amulet)
rElec   +          Harm     .    j - +3 ring of intelligence
rCorr   +          Rampage  .    k - +3 ring of dexterity
Will    +....      NoTele   +    r - ring of willpower
Stlth   +                        t - ring of see invisible
HPRegen 0.37/turn                w - ring of resist corrosion
MPRegen 0.20/turn                (no ring)
                                 (no ring)
                                 (no ring)

@: slowed, repel missiles, very slow
A: almost no armour, amphibious, 8 rings, camouflage 1, gelatinous body 1,
(nimble swimmer 1), tentacles
a: Renounce Religion, Upheaval, Elemental Force, Disaster Area


You were in the Dungeon.
You worshipped Qazlal.
Qazlal was exalted by your worship.
You visited 1 branch You collected 37 gold pieces.

Inventory:

Hand Weapons
 m - a +1 broad axe of freezing
 s - the +12 glaive of Prune (weapon) {freeze, Prune}
   (You found it in the Dungeon)

   Prune:     It halves damage taken while paralysed, petrified or unconscious.
Missiles
 v - a throwing net (quivered)
Armour
 b - a +0 buckler
 x - the +3 crown of Dyrovepreva (worn) {rElec Int+2 SInv}
   (You found it in the Dungeon)

   Int:       It affects your intelligence (+2).
   rElec:     It insulates you from electricity.
   SInv:      It lets you see invisible.
Jewellery
 j - a +3 ring of intelligence (left tentacle)
 k - a +3 ring of dexterity (right tentacle)
 r - a ring of willpower (on tentacle)
 t - a ring of see invisible (on tentacle)
 w - a ring of resist corrosion (on tentacle)
Wands
 q - a wand of iceblast (7)
 u - a wand of flame (26)
Scrolls
 a - a scroll of fear
 i - 4 scrolls of blinking
 n - 3 scrolls of identify
 o - 2 scrolls of fog
Potions
 c - 2 potions of invisibility
 d - 9 potions of curing
 e - 6 potions of heal wounds
 f - 2 potions of haste
 g - 4 potions of magic
 h - 3 potions of berserk rage
 l - 2 potions of brilliance
 p - a potion of might


   Skills:
 + Level 14.8 Fighting
 - Level 12.2(13.2) Axes
 + Level 8.2(11.3) Polearms
 + Level 14.8 Dodging
 + Level 14.7 Shields
 * Level 20.9 Invocations


You had 12 spell levels left.
You didn't know any spells.
Your spell library contained the following spells:

 Spells                   Type           Power      Damage    Failure   Level
 Inner Flame              Hex/Fire       0%         N/A       56%         3
 Cause Fear               Hex            0%         N/A       93%         4
 Discord                  Hex            0%         N/A       100%        8


Dungeon Overview and Level Annotations

Branches:
Dungeon (1/1)

Altars:
Ashenzari
Cheibriados
Dithmenos
Elyvilon
Fedhas
Gozag
Hepliaklqana
Kikubaaqudgha
Makhleb
Nemelex Xobeh
Okawaru
Qazlal
Ru
Sif Muna
Trog
Uskayaw
Vehumet
Wu Jian
Xom
Yredelemnul
Zin
The Shining One
Jiyva
Lugonu


Innate Abilities, Weirdness & Mutations

You cannot wear most types of armour.
You are amphibious.
You can wear up to eight rings at the same time.
Your skin changes colour to match your surroundings (Stealth+).
Your rubbery body absorbs attacks. (AC +1, EV +1)
((You are camouflaged when in or above water. (Stealth+)))
You have tentacles for arms and can constrict up to eight enemies at once.


Message History

The blast of ice hits the orc warlord!!!
You kill the orc warlord!
Qazlal accepts your kill. x2
You feel a bit more experienced.
The blast of rubble hits the death cob!
The death cob is heavily damaged.
You hear a sizzling sound!
Qazlal accepts your kill.
You feel a bit more experienced.
The blast of rubble hits the death cob.
The death cob is severely damaged.
The death cob completely misses you.
The blink frog blinks!
The death cob completely misses you.
The blink frog blinks!
Your base Polearms skill increases to level 8!
You have reached level 13!
You closely miss the death cob. You grab the death cob.
You squeeze the death cob!
The death cob is severely damaged.
You constrict the death cob, but do no damage.
The death cob hits you. The death cob drains your vigour!
You feel yourself slow down. The death cob hits you!!
The death cob drains your vigour!
You feel as though you will be slow longer.
The blink frog hits you! You block the death cob's attack.
The blink frog barely misses you. You block the blink frog's attack.
You slash the death cob! You freeze the death cob.
You squeeze the death cob, but do no damage.
The death cob is almost destroyed.
You constrict the death cob, but do no damage.
The death cob hits you!!
* * * LOW HITPOINT WARNING * * *
The death cob closely misses you. The death cob barely misses you.
The blink frog is struck by lightning.
The blink frog closely misses you.
The blink frog is engulfed in freezing vapours.
The blink frog closely misses you. The death cob hits you!
* * * LOW HITPOINT WARNING * * *
The blink frog is struck by lightning.
You kill the blink frog!
Qazlal accepts your kill.
The blink frog is engulfed in freezing vapours.
You block the blink frog's attack. The death cob hits you!!
You die...

..# ..# ..# ..+ ..+ ''#
''###############################
.........)≈≈§§.§§°..≈≈≈≈.......[)
....))..))≈....F@≈.≈.≈≈≈....).)).
..##############§z##############)
..# ○§☼.§ #) ..# .≈[§)§.# #. ..#
###≈≈#### #. ..# .§≈≈ #. ..# ≈≈≈≈
#. ..# )[≈)) #. ..# #.


You could see a death cob and a blink frog.

Vanquished Creatures
  2 emperor scorpions (D)
  A war gargoyle (D)
  2 orc warlords (D)
  A red draconian (D)
  A merfolk impaler (D)
  An anaconda (D)
  2 spriggans (D)
  A spriggan berserker (D)
  A sun demon (D)
  A sea snake (D)
  A shadow wraith (D)
  A swamp dragon (D)
  A wizard (D)
  A deep elf pyromancer (D)
  A cyclops (D)
  9 orc knights (D)
  A black mamba (D)
  3 smoke demons (D)
  A molten gargoyle (D)
  An orange demon (D)
  5 elephants (D)
  Joseph (D)
  A yaktaur (D)
  6 merfolk (D)
  A hellwing (D)
  A wind drake (D)
  A polar bear (D)
  A tarantella (D)
  2 hornets (D)
  4 blink frogs (D)
  A snapping turtle (D)
  2 wraiths (D)
  6 yaks (D)
  4 vampire mosquitoes (D)
  An acid dragon (D)
  A small abomination (D)
  5 orc warriors (D)
  A swamp drake (D)
  A black bear (D)
  4 wolves (D)
  A centaur (D)
  An ogre (D)
  2 necrophages (D)
  2 scorpions (D)
  An earth elemental (D)
  A hound (D)
  3 orc priests (D)
  An iguana (D)
  6 orc wizards (D)
  A hell rat (D)
  A mummy (D)
  2 adders (D)
  An adder zombie (D)
  8 orcs (D)
  A bat (D)
  A bat zombie (D)
  An endoplasm (D)
  A giant cockroach (D)
  3 goblins (D)
  6 jackals (D)
  A ball python zombie (D)
  A bat simulacrum (D)
128 creatures vanquished.

Notes
Turn   | Place    | Note
-------+----------+-------------------------------------------
     0 | D        | BigDaddyOpFi the Octopode Fighter began the quest for the
                  | Orb.
     0 | D        | Reached XP level 1. HP: 16/16 MP: 1/1
     8 | D        | Noticed a scorpion
    13 | D        | Killed a scorpion
    14 | D        | Reached XP level 2. HP: 7/23 MP: 2/2
    14 | D        | Reached XP level 3. HP: 9/28 MP: 3/3
    14 | D        | Reached XP level 4. HP: 11/34 MP: 4/4
    93 | D        | Found a bloodstained altar of Trog.
    93 | D        | Found a shimmering blue altar of Sif Muna.
    93 | D        | Found a viscous altar of Jiyva.
    93 | D        | Found a hazy altar of Hepliaklqana.
    93 | D        | Found an opulent altar of Gozag.
    94 | D        | Found a glowing golden altar of the Shining One.
    94 | D        | Found a glowing silver altar of Zin.
    94 | D        | Found a basalt altar of Yredelemnul.
    94 | D        | Found a shimmering altar of Xom.
    94 | D        | Found an ornate altar of the Wu Jian Council.
    94 | D        | Found a sacrificial altar of Ru.
    94 | D        | Found a stormy altar of Qazlal.
    94 | D        | Found an iron altar of Okawaru.
    94 | D        | Found a sparkling altar of Nemelex Xobeh.
    94 | D        | Found a burning altar of Makhleb.
    94 | D        | Found a blossoming altar of Fedhas.
    94 | D        | Found a white marble altar of Elyvilon.
    94 | D        | Found a shadowy altar of Dithmenos.
    94 | D        | Found a snail-covered altar of Cheibriados.
    95 | D        | Found a radiant altar of Vehumet.
    95 | D        | Found a corrupted altar of Lugonu.
    96 | D        | Found an ancient bone altar of Kikubaaqudgha.
    96 | D        | Found a hide-covered altar of Uskayaw.
    96 | D        | Found a broken altar of Ashenzari.
    99 | D        | Became a worshipper of Qazlal Stormbringer
   255 | D        | Reached * piety under Qazlal
   267 | D        | Noticed a scorpion
   270 | D        | Killed a scorpion
   271 | D        | Reached skill level 5 in Fighting
   271 | D        | Reached skill level 5 in Dodging
   271 | D        | Reached skill level 5 in Shields
   271 | D        | Reached skill level 3 in Invocations
   271 | D        | Reached XP level 5. HP: 36/39 MP: 4/7
   336 | D        | Reached ** piety under Qazlal
   338 | D        | Reached skill level 5 in Axes
   338 | D        | Reached skill level 4 in Invocations
   343 | D        | Reached *** piety under Qazlal
   492 | D        | Reached skill level 5 in Invocations
   494 | D        | Reached **** piety under Qazlal
   496 | D        | Noticed a wolf
   500 | D        | Reached XP level 6. HP: 14/46 MP: 8/10
   503 | D        | Reached skill level 6 in Invocations
   506 | D        | Reached skill level 7 in Invocations
   507 | D        | Reached ***** piety under Qazlal
   652 | D        | Noticed an orc warrior
   662 | D        | Killed an orc warrior
   663 | D        | Reached skill level 8 in Invocations
   663 | D        | Reached XP level 7. HP: 41/54 MP: 11/13
   788 | D        | Noticed a wind drake
   789 | D        | Killed a wind drake
   790 | D        | Reached skill level 9 in Invocations
  1138 | D        | Noticed a merfolk
  1140 | D        | Reached XP level 8. HP: 19/61 MP: 15/15
  1141 | D        | Noticed a deep elf pyromancer
  1146 | D        | Killed a merfolk
  1147 | D        | Reached skill level 10 in Invocations
  1149 | D        | Killed a deep elf pyromancer
  1150 | D        | Reached skill level 11 in Invocations
  1150 | D        | Reached ****** piety under Qazlal
  1153 | D        | Reached XP level 9. HP: 55/68 MP: 15/17
  1154 | D        | Noticed an orange demon
  1156 | D        | Noticed a polar bear
  1159 | D        | Noticed Joseph
  1161 | D        | Reached skill level 12 in Invocations
  1161 | D        | Noticed a smoke demon
  1166 | D        | Killed an orange demon
  1166 | D        | Killed a polar bear
  1167 | D        | Reached skill level 13 in Invocations
  1169 | D        | Killed Joseph
  1170 | D        | Reached skill level 10 in Fighting
  1170 | D        | Reached skill level 10 in Dodging
  1175 | D        | Killed a smoke demon
  1176 | D        | Reached skill level 10 in Shields
  1176 | D        | Reached XP level 10. HP: 30/76 MP: 3/20
  1400 | D        | Noticed a molten gargoyle
  1406 | D        | Killed a molten gargoyle
  1407 | D        | Reached skill level 10 in Axes
  1516 | D        | Reached skill level 14 in Invocations
  2063 | D        | Noticed an emperor scorpion
  2063 | D        | Noticed an anaconda
  2064 | D        | Killed an anaconda
  2065 | D        | Reached skill level 15 in Invocations
  2075 | D        | Killed an emperor scorpion
  2377 | D        | Noticed a black mamba
  2379 | D        | Killed a black mamba
  2380 | D        | Reached XP level 11. HP: 67/83 MP: 22/22
  2653 | D        | Noticed a cyclops
  2657 | D        | Killed a cyclops
  2658 | D        | Reached skill level 16 in Invocations
  3012 | D        | Noticed a sun demon
  3013 | D        | Noticed a spriggan rider
  3015 | D        | Noticed a spriggan rider
  3018 | D        | Killed a spriggan rider
  3018 | D        | Killed a spriggan rider
  3018 | D        | Killed a sun demon
  3019 | D        | Reached skill level 17 in Invocations
  3099 | D        | Found the +12 glaive of Prune {freeze, Prune}
  3183 | D        | Noticed a sea snake
  3188 | D        | Killed a sea snake
  3189 | D        | Reached skill level 1 in Polearms
  3425 | D        | Noticed a shadow wraith
  3428 | D        | Noticed a spriggan berserker
  3430 | D        | Noticed a death yak
  3430 | D        | Noticed a death yak
  3430 | D        | Killed a spriggan berserker
  3430 | D        | Killed a shadow wraith
  3477 | D        | Noticed a merfolk impaler
  3478 | D        | Killed a merfolk impaler
  3479 | D        | Reached skill level 18 in Invocations
  3479 | D        | Reached XP level 12. HP: 70/94 MP: 15/25
  3566 | D        | Reached skill level 5 in Polearms
  3691 | D        | Reached skill level 19 in Invocations
  3773 | D        | Found the +3 crown of Dyrovepreva {rElec Int+2 SInv}
  3773 | D        | Noticed an emperor scorpion
  3773 | D        | Noticed a red draconian
  3773 | D        | Noticed a war gargoyle
  3774 | D        | Killed a war gargoyle
  3775 | D        | Killed a red draconian
  3782 | D        | Killed an emperor scorpion
  4084 | D        | Noticed a death cob
  4084 | D        | Noticed an orc warlord
  4085 | D        | Noticed an orc warlord
  4086 | D        | Reached skill level 20 in Invocations
  4086 | D        | Killed an orc warlord
  4086 | D        | Killed an orc warlord
  4087 | D        | Reached XP level 13. HP: 102/102 MP: 9/27
  4088 | D        | Slain by a death cob

Illustrated notes

Levels and vault maps discovered:
D:        pitsprint [storerooms_1, entrance_room_1, metal_vault_5, armoury_2,
          mini_pit_1, grid_room_1, main_hall_1, silver_pit, the_coven_3,
          the_vestibule_1, steel_vault_3, golden_pit, hallway_of_sentries,
          crystal_vault_1, iron_vault_4, final_vault]

Skill      XL: |  1  2  3  4  5  6  7  8  9 10 11 12 |
---------------+-------------------------------------+-----
Fighting       | 4 5 6 7 9 10 11 13 14 | 14.8
Axes           | 4 5 6 7 8 9 11 12 | 12.2
Dodging        | 4 5 6 7 8 9 10 11 13 14 | 14.8
Shields        | 4 5 6 7 8 10 11 13 14 | 14.7
Invocations    | 3 5 8 9 11 13 15 18 20 | 20.9
Polearms       | 4 8 |  8.2

Action                     |  1- 3 |  4- 6 |  7- 9 | 10-12 | 13-15 || total
---------------------------+-------+-------+-------+-------+-------++-------
  Melee: War axe           |     2 |    50 |       |       |       ||    52
         Constrict         |     1 |    12 |     5 |     6 |     1 ||    25
         Tentacles         |       |    10 |     4 |    25 |     2 ||    41
         Punch             |       |     1 |       |       |       ||     1
         Broad axe         |       |       |    26 |    40 |       ||    66
         Glaive            |       |       |       |    23 |     2 ||    25
 Invoke: Disaster Area     |       |       |     3 |    12 |       ||    15
    Use: Potion            |     2 |     2 |     8 |     4 |       ||    16
   Stab: Sleeping          |       |     3 |       |       |       ||     3
 Armour: Skin              |       |     5 |     3 |    13 |       ||    21
  Dodge: Dodged            |     1 |    21 |    29 |    71 |     5 ||   127
         Repelled          |       |       |     1 |       |       ||     1
  Block: Buckler           |       |    24 |    43 |    45 |       ||   112
         Other             |       |       |       |    16 |     3 ||    19

Table legend: (Time is in decaauts)
 A = Elapsed time spent in this place.
 B = Non-inter-level travel time spent in this place.
 C = Inter-level travel time spent in this place.
 D = Time resting spent in this place.
 E = Time spent auto-exploring this place.
 F = Levels seen in this place.
 G = Mean time per level.
                   A        B        C        D        E       F      G
               +--------+--------+--------+--------+--------+-----+--------+
         Total |   4120 |   4013 |    107 |   3317 |      0 |   1 | 4120.0 |
       Dungeon |   4120 |   4013 |    107 |   3317 |      0 |   1 | 4120.0 |
               +--------+--------+--------+--------+--------+-----+--------+

Top non-repeatable levels by time:
       D: 4120 daAuts
